AoeStats
← Antinox

Arabia

505338740Analyzed
1v1 RM · 23d ago on Sep 8, 2026· 42m 54s· 2 players
Game mode
Random Map
Map size
Tiny (2 player)
Population
200
Speed
Normal
Resources
Standard
Victory
Conquest
Starting age
Dark Age
Ending age
Imperial Age
RankedLock teamsTeams togetherTeam positionsShared explorationLock speedFull tech treeHidden civsTurbo modeCheats
Victory
Defeat
🇨🇴 Lithuanians · Colombia
932
+15
🇬🇧 Japanese · United Kingdom
912
-15
Antinox
8:01 Loom
10:21 Feudal Age
10:56 Man-at-Arms
17:13 Double-Bit Axe
17:26 Horse Collar
20:27 Scale Mail Armor
20:17 Fletching
23:31 Gold Mining
23:57 Forging
27:47 Castle Age
27:09 Forging
28:53 Bow Saw
28:26 Pikeman
29:26 Chain Mail Armor
29:40 Squires
30:43 Iron Casting
34:27 Bodkin Arrow
34:48 Heavy Plow
35:28 Gold Shaft Mining
39:19 Ballistics
38:55 Murder Holes
38:50 Light Cavalry
39:31 Elite Skirmisher
40:34 Husbandry
40:42 Scale Barding Armor
mosqueteroc
6:07 Loom
8:46 Feudal Age
10:50 Bloodlines
11:09 Bloodlines
24:54 Castle Age
24:03 Forging
23:39 Horse Collar
23:48 Double-Bit Axe
24:41 Gold Mining
25:38 Scale Barding Armor
25:27 Light Cavalry
26:13 Husbandry
30:58 Iron Casting
30:49 Devotion
33:26 Chain Barding Armor
34:25 Bow Saw
34:57 Town Watch
38:01 Thumb Ring
41:24 Imperial Age
39:32 Wheelbarrow
39:14 Fletching
39:25 Padded Archer Armor
40:17 Bodkin Arrow
41:00 Ballistics
42:38 Cavalier
Connection lost

Rejoining the realm…

Still unreachable

The connection could not be restored.

Session expired

The server has moved on; the page needs a fresh start.